 Dungeon Crawl Stone Soup version 0.23.0-3-gf3c87f2 (console) character file.

Game seed: 748784580307161532

37419 erker the Unseen (level 13, -1/87 HPs)
             Began as a Vampire Enchanter on Feb 22, 2019.
             Was a High Priest of Dithmenos.
             Slain by a seven-headed hydra simulacrum (4 damage)
             ... in a Gauntlet on Feb 23, 2019.
             The game lasted 01:54:59 (18197 turns).

erker the Unseen (Vampire Enchanter)               Turns: 18197, Time: 01:55:00

Health: -1/87      AC:  7    Str:  8    XL:     13   Next: 58%
Magic:  9/24       EV: 13    Int: 25    God:    Dithmenos [*****.]
Gold:   1764       SH:  0    Dex: 16    Spells: 11/27 levels left

rFire    + + .     SeeInvis +   w - staff of wizardry
rCold    + + .     Gourm    .   (no shield)
rNeg     + + .     Faith    .   F - +2 leather armour {MR+}
rPois    +         Spirit   .   z - +1 hat of Muirch {rF+ SInv}
rElec    .         Reflect  .   Z - scarf {rC+ rF+}
rCorr    .         Harm     .   (no gloves)
MR       +++..     NoTele   +   d - +0 pair of boots
Stlth    ++++++++++             A - amulet of the acrobat
HPRegen  0.12/turn              L - ring of protection from magic
MPRegen  0.19/turn              G - +5 ring of intelligence

@: regenerating slowly, wreathed by umbra
A: rotting body, fangs 3, see invisible, unbreathing
a: Bat Form, Shadow Step, Shadow Form, Renounce Religion


You were in a Gauntlet.
You worshipped Dithmenos.
Dithmenos was extremely pleased with you.
You were near bloodless.

You visited 2 branches of the dungeon, and saw 17 of its levels.
You also visited: Bailey and Gauntlet.

You collected 2032 gold pieces.
You spent 268 gold pieces at shops.

Inventory:

Hand Weapons
 a - a +3 dagger
 b - a +0 blowgun
Missiles
 m - 5 curare-tipped needles
 n - 80 poisoned needles
 K - 6 javelins (quivered)
 Q - 5 throwing nets
 U - 6 needles of confusion
Armour
 d - a +0 pair of boots (worn)
 z - the +1 hat of Muirch (worn) {rF+ SInv}
   (You found it in a Gauntlet)

   It protects you from fire.
   It lets you see invisible.
 B - the +0 helmet "Quvahe" {Int+7, unknown}
   (You found it in a Gauntlet)

   It affects your intelligence (+7).
 F - a +2 leather armour of magic resistance (worn)
 Z - a scarf of resistance (worn)
Magical Staves
 w - an uncursed staff of wizardry (weapon)
Jewellery
 e - a +3 ring of intelligence
 h - an uncursed ring of protection from fire
 j - a +4 ring of protection
 v - an uncursed amulet of magic regeneration {unknown}
 x - an uncursed ring of magical power
 y - an uncursed amulet of regeneration
 A - an amulet of the acrobat (around neck)
 G - a +5 ring of intelligence (right hand)
 I - an uncursed ring of magical power
 L - a ring of protection from magic (left hand)
Wands
 f - a wand of flame (65)
 p - a wand of digging (2)
 P - a wand of paralysis (15)
 Y - a wand of iceblast (3)
Scrolls
 c - 6 scrolls of remove curse
 k - 8 scrolls of teleportation
 l - 2 scrolls of magic mapping
 o - a scroll of blinking
 r - 3 scrolls of identify
 t - 3 scrolls of fog
 E - 2 scrolls of fear
Potions
 g - 5 potions of haste
 q - 10 potions of blood
 s - 7 potions of curing
 u - a potion of mutation
 V - 2 potions of might
 X - 6 potions of heal wounds
Miscellaneous
 i - a fan of gales (inert)


   Skills:
 - Level 3.4 Fighting
 - Level 9.5 Short Blades
 - Level 4.0 Throwing
 - Level 2.5 Armour
 - Level 3.9 Dodging
 - Level 15.0 Stealth
 - Level 7.8 Spellcasting
 + Level 5.6 Conjurations
 - Level 10.3 Hexes
 - Level 10.7 Ice Magic
 + Level 7.4 Air Magic


You had 11 spell levels left.
You knew the following spells:

 Your Spells              Type           Power        Failure   Level  Hunger
a - Corona                Hex            ######.      1%          1    None
b - Freezing Cloud        Conj/Ice/Air   #####.....   21%         6    ######.
c - Confuse               Hex            ######..     1%          3    None
l - Summon Lightning Spi  Summ/Air       ####....     8%          4    ##.....
z - Ensorcelled Hibernat  Hex/Ice        ######       1%          2    None

Your spell library contained the following spells:

 Spells                   Type           Power        Failure   Level  Hunger
 Freeze                   Ice            ####         1%          1    None
 Throw Frost              Conj/Ice       ######       1%          2    None
 Dazzling Spray           Conj/Hex       #####.       1%          3    None
 Ozocubu's Armour         Chrm/Ice       #####...     1%          3    None
 Summon Guardian Golem    Hex/Summ       #####...     1%          3    None
 Tukima's Dance           Hex            ######..     1%          3    None
 Throw Icicle             Conj/Ice       ######..     1%          4    ##.....
 Metabolic Englaciation   Hex/Ice        ######....   1%          5    #####..
 Summon Small Mammal      Summ           #...         3%          1    None
 Ice Form                 Ice/Tmut       #####...     4%          4    ##.....
 Summon Ice Beast         Ice/Summ       #####...     4%          4    ##.....
 Call Imp                 Summ           #.......     5%          2    None
 Ozocubu's Refrigeration  Ice            ######....   6%          6    ######.
 Call Canine Familiar     Summ           #.......     11%         3    None
 Bolt of Cold             Conj/Ice       ######....   17%         6    ######.
 Simulacrum               Ice/Necr       #####.....   47%         6    ######.


Dungeon Overview and Level Annotations

Branches:
Dungeon (11/15)            Temple (0/1) D:5            Lair (6/6) D:10
  Swamp (0/4) Lair:4        Snake (0/4) Lair:4        Slime (0/5) Lair:6
    Orc (0/2) D:10

Altars:
Dithmenos
Fedhas
Hepliaklqana
Ru
Vehumet
The Shining One

Shops:
D:4 *   D:6 *   D:9 *   D:11 [

Annotations:
D:5 exclusion: oklob plant
D:7 1 exclusion
Lair:5 exclusion: 4 oklob plants Gauntlet 9 transporters, 21 runed translucent doors, exclusion: ice statue


Innate Abilities, Weirdness & Mutations

Your body is rotting away.
You thrive on raw meat.
You heal slowly.
You have razor-sharp teeth.
You have supernaturally acute eyesight. (SInv)
You can survive without breathing.


Message History

Your ring of protection from magic unmelds from your body.
Your +5 ring of intelligence unmelds from your body.
You feel resistant to extremes of temperature.
You feel resistant to hostile enchantments.
You feel clever.
Casting: Confuse (safe; 1% risk of failure)
Confirm with . or Enter, or press ? or * to list all spells.
Aiming: Confuse (safe; 1% risk of failure)
Press: ? - help, Shift-Dir - straight line, f/p - seven-headed hydra simulacrum
Aim: a seven-headed hydra simulacrum (severely damaged, umbra, chance to defeat MR: 77%)
The seven-headed hydra simulacrum appears confused.
The seven-headed hydra simulacrum bites you!
* * * LOW HITPOINT WARNING * * *
The seven-headed hydra simulacrum freezes you!
You resist.
* * * LOW HITPOINT WARNING * * *
The seven-headed hydra simulacrum bites you but does no damage.
The seven-headed hydra simulacrum closely misses you.
The seven-headed hydra simulacrum bites you.
You die...

#8#..#....#....#...#).##
###..#...#.#..Z#...#.##.
#..#.^#.©.#^.#...#|#.#
###..#.#P.#..#.#...#.#y#
#8#..##..#.#..##...#.#.#
###..#..#.^.#..#...#.#.#
#..#^#P.#.P#^#...#.##.
###..##.Z#.#..##...#..##
#8#..#.@#.©Z#(?#...#....
###..###########...#####
#§§...................
#§§...........§∩§.....
######################
#8##≈..............
####8.8.8..©.©..8.8
#≈..............
###.#.#######.#.


You could see a seven-headed hydra simulacrum (confused).

Vanquished Creatures
  The ghost of Zimaveycw the Spear-Bearer, a journeyman OpFi of Cheibriados (Lair:5)
  Fannar (D:10)
  A hydra (Lair:5)
  Erica (D:11)
  Harold (Lair:1)
  3 two-headed ogres
  4 death yaks (Lair:4)
  An orc knight (Bailey)
  3 elephants (Lair:6)
  Maurice (D:11)
  6 black mambas
  Joseph (D:10)
  A gargoyle (D:10)
  19 spiny frogs
  A kobold demonologist (D:11)
  2 rime drakes
  6 komodo dragons
  A queen bee (D:8)
  A troll (D:10)
  A polar bear (Lair:5)
  A dream sheep (Lair:5)
  6 blink frogs
  7 hippogriffs
  A vampire (D:9)
  Eustachio (D:6)
  12 yaks
  4 wraiths (D:9)
  A fire elemental (Lair:4)
  Grum (D:11)
  A steam dragon (D:8)
  A hungry ghost (D:11)
  A naga (Lair:4)
  5 insubstantial wisps (Lair:4)
  8 water moccasins
  9 porcupines
  2 black bears
  6 orc warriors
  2 ice beasts
  An ogre (D:7)
  A necrophage (D:6)
  6 centaurs
  21 wolves
  4 crocodiles
  17 bullfrogs
  5 big kobolds
  2 scorpions
  38 killer bees
  8 wights
  4 electric eels
  A howler monkey (D:6)
  A crimson imp (D:7)
  A bullfrog zombie (D:10)
  2 centaur zombies
  2 jellies
  A lava snake (Lair:4)
  6 orc priests
  10 hounds
  3 centaur skeletons (D:7)
  Jessica (D:2)
  An iguana (D:4)
  8 worker ants
  8 orc wizards
  3 hound zombies
  A hound skeleton (D:8)
  2 howler monkey zombies
  8 gnolls
  14 adders
  A shadow imp (D:7)
  2 adder zombies
  2 adder skeletons
  A worm (D:3)
  A dart slug (D:3)
  2 leopard geckos
  41 orcs
  6 giant cockroaches
  7 goblins
  11 hobgoblins
  6 jackals
  37 kobolds
  2 quokkas (D:2)
  2 ball pythons
  3 bats (D:2)
  4 frilled lizards
  A quokka skeleton (D:6)
  A quokka zombie (D:7)
  8 rats
  A fire vortex (Lair:4)
  A withered plant (Gauntlet)
445 creatures vanquished.

Vanquished Creatures (others)
  A kobold (D:11)
  3 fungi
  4 plants (Lair:5)
  10 withered plants (Gauntlet)
18 creatures vanquished.

Grand Total: 463 creatures vanquished

Notes
Turn   | Place    | Note
-------+----------+-------------------------------------------
     0 | D:1      | erker the Vampire Enchanter began the quest for the Orb.
     0 | D:1      | Reached XP level 1. HP: 13/13 MP: 3/3
   250 | D:1      | Reached skill level 5 in Hexes
   276 | D:1      | Reached XP level 2. HP: 4/19 MP: 1/5
   604 | D:1      | Learned a level 2 spell: Ensorcelled Hibernation
  1193 | D:2      | Reached skill level 1 in Ice Magic
  1209 | D:2      | Reached XP level 3. HP: 24/24 MP: 6/6
  1247 | D:2      | Found a shadowy altar of Dithmenos.
  1251 | D:2      | Noticed Jessica
  1252 | D:2      | Found a hazy altar of Hepliaklqana.
  1254 | D:2      | Became a worshipper of Dithmenos the Shadowed
  1410 | D:2      | Killed Jessica
  1435 | D:2      | Reached XP level 4. HP: 25/30 MP: 2/7
  2523 | D:3      | Reached * piety under Dithmenos
  2668 | D:3      | Reached XP level 5. HP: 17/35 MP: 8/8
  3129 | D:4      | Learned a level 3 spell: Confuse
  3207 | D:4      | Found Sanui's General Store.
  3244 | D:4      | Bought a scroll of immolation for 38 gold pieces
  3244 | D:4      | Bought a potion of curing for 33 gold pieces
  3244 | D:4      | Bought a scroll of identify for 22 gold pieces
  3377 | D:3      | Reached skill level 5 in Ice Magic
  3439 | D:4      | Reached XP level 6. HP: 24/41 MP: 4/9
  3621 | D:5      | Entered Level 5 of the Dungeon
  3701 | D:5      | Found a staircase to the Ecumenical Temple.
  4280 | D:5      | Found a blossoming altar of Fedhas.
  4297 | D:5      | Noticed an oklob plant
  4435 | D:6      | Reached skill level 5 in Stealth
  4555 | D:6      | Reached XP level 7. HP: 24/46 MP: 1/10
  4729 | D:6      | Noticed a two-headed ogre
  5079 | D:6      | Noticed Eustachio
  5126 | D:6      | Reached skill level 6 in Stealth
  5187 | D:6      | Killed Eustachio
  5187 | D:6      | Reached XP level 8. HP: 53/53 MP: 6/13
  5208 | D:6      | Found Lyptat's General Store.
  5365 | D:6      | Reached ** piety under Dithmenos
  5413 | D:6      | Noticed a two-headed ogre
  5528 | D:6      | Reached skill level 1 in Fighting
  5790 | D:6      | Killed a two-headed ogre
  5790 | D:6      | Reached skill level 1 in Armour
  5790 | D:6      | Reached skill level 8 in Stealth
  5798 | D:6      | Reached XP level 9. HP: 44/59 MP: 11/15
  5848 | D:7      | Found a glowing golden altar of the Shining One.
  5956 | D:7      | Found a glowing golden altar of the Shining One.
  5995 | D:7      | Found a flagged portal.
  6121 | Bailey   | Entered a bailey
  6205 | Bailey   | Noticed an orc knight
  6229 | Bailey   | Killed an orc knight
  6229 | Bailey   | Reached skill level 5 in Short Blades
  6229 | Bailey   | Reached skill level 5 in Spellcasting
  6279 | Bailey   | Reached *** piety under Dithmenos
  6359 | Bailey   | Reached skill level 9 in Stealth
  7152 | D:8      | Reached **** piety under Dithmenos
  7454 | D:8      | Noticed a queen bee
  7459 | D:8      | Reached skill level 10 in Stealth
  7463 | D:8      | Killed a queen bee
  7463 | D:8      | Reached XP level 10. HP: 65/67 MP: 18/18
  7487 | D:8      | Noticed a two-headed ogre
  7654 | D:8      | Killed a two-headed ogre
  7767 | D:8      | Reached skill level 11 in Stealth
  8603 | D:9      | Found Jizufeg's Assorted Antiques.
  8606 | D:9      | Bought a slimy bronze ring for 125 gold pieces
  8606 | D:9      | Bought a scroll of identify for 50 gold pieces
  8607 | D:9      | Identified the ring "Otuyciep" {+Fly SInv} (You bought it
                  | in a shop on level 9 of the Dungeon)
  8794 | D:9      | Found a sacrificial altar of Ru.
  8898 | D:9      | Reached skill level 12 in Stealth
  8916 | D:9      | Reached ***** piety under Dithmenos
  9052 | D:9      | Found the +5 scythe "Finisher" {speed, eviscerate}
  9088 | D:10     | Entered Level 10 of the Dungeon
  9145 | D:10     | Noticed Fannar
  9167 | D:10     | Noticed a gargoyle
  9465 | D:10     | Reached XP level 11. HP: 73/73 MP: 20/20
  9523 | D:10     | Found a staircase to the Lair.
  9790 | D:10     | Noticed Joseph
  9796 | D:10     | Killed Joseph
  9796 | D:10     | Reached skill level 13 in Stealth
 10088 | D:10     | Killed Fannar
 10089 | D:10     | Found a staircase to the Orcish Mines.
 10146 | D:10     | Noticed a two-headed ogre
 10247 | D:10     | Killed a two-headed ogre
 10663 | D:11     | Noticed Grum
 10666 | D:11     | Noticed Erica
 10670 | D:11     | Killed Grum
 10899 | D:11     | Reached skill level 1 in Throwing
 11170 | D:11     | Found Rythroptey's Armour Shop.
 11255 | D:11     | Noticed Maurice
 11280 | D:11     | Killed Maurice
 11526 | D:11     | Killed Erica
 11809 | Lair:1   | Entered Level 1 of the Lair of Beasts
 11855 | Lair:1   | Reached skill level 14 in Stealth
 11863 | Lair:1   | Reached skill level 10 in Hexes
 11865 | Lair:1   | Reached XP level 12. HP: 80/80 MP: 21/22
 11895 | Lair:1   | Reached skill level 10 in Ice Magic
 12227 | Lair:1   | Noticed Harold
 12231 | Lair:1   | Killed Harold
 12756 | Lair:2   | Learned a level 6 spell: Freezing Cloud
 12863 | Lair:2   | Reached skill level 15 in Stealth
 12949 | Lair:2   | Reached skill level 1 in Conjurations
 13820 | Lair:3   | Reached skill level 1 in Air Magic
 14359 | Lair:4   | Found a radiant altar of Vehumet.
 14583 | Lair:4   | Reached XP level 13. HP: 87/87 MP: 20/24
 14714 | Lair:4   | Found a staircase to the Snake Pit.
 15007 | Lair:4   | Found a staircase to the Swamp.
 15403 | Lair:4   | Reached skill level 5 in Air Magic
 16687 | Lair:5   | Found a runed translucent gate.
 16688 | Lair:5   | Found a runed translucent gate.
 16691 | Lair:5   | Found a runed translucent gate.
 16692 | Lair:5   | Noticed Zimaveycw's ghost (journeyman OpFi)
 16698 | Lair:5   | Reached skill level 5 in Conjurations
 16713 | Lair:5   | Killed Zimaveycw's ghost
 17021 | Lair:1   | Identified a scroll of acquirement
 17022 | Lair:1   | Got a twisted cloak
 17033 | Lair:1   | Identified the +1 cloak of Mycouriff {MP+9} (You acquired
                  | it on level 1 of the Lair of Beasts)
 17775 | Lair:6   | Entered Level 6 of the Lair of Beasts
 17888 | Lair:6   | Found a gate leading to a gauntlet.
 17906 | Gauntlet | Entered a Gauntlet
 17906 | Gauntlet | Found a transporter.
 17906 | Gauntlet | Found a transporter.
 17929 | Gauntlet | Found a transporter.
 17929 | Gauntlet | Found a transporter.
 17932 | Gauntlet | Noticed a cacodemon
 17946 | Gauntlet | Found a transporter.
 17968 | Gauntlet | Found a transporter.
 17973 | Gauntlet | Found a transporter.
 17988 | Gauntlet | Found a transporter.
 17999 | Gauntlet | Found a large runed translucent door.
 17999 | Gauntlet | Found a large runed translucent door.
 18000 | Gauntlet | Found a large runed translucent door.
 18000 | Gauntlet | Found a large runed translucent door.
 18001 | Gauntlet | Found a large runed translucent door.
 18001 | Gauntlet | Found a large runed translucent door.
 18001 | Gauntlet | Found a large runed translucent door.
 18001 | Gauntlet | Found a large runed translucent door.
 18002 | Gauntlet | Found a runed translucent door.
 18003 | Gauntlet | Found a transporter.
 18003 | Gauntlet | Found a runed translucent gate.
 18003 | Gauntlet | Found a runed translucent gate.
 18004 | Gauntlet | Found a runed translucent door.
 18004 | Gauntlet | Found a runed translucent gate.
 18004 | Gauntlet | Noticed a death ooze
 18042 | Gauntlet | Found a transporter.
 18044 | Gauntlet | Found a large runed translucent door.
 18045 | Gauntlet | Found a large runed translucent door.
 18046 | Gauntlet | Found a large runed translucent door.
 18055 | Gauntlet | Found a large runed translucent door.
 18056 | Gauntlet | Found a large runed translucent door.
 18056 | Gauntlet | Found a large runed translucent door.
 18057 | Gauntlet | Found a large runed translucent door.
 18058 | Gauntlet | Found a large runed translucent door.
 18068 | Gauntlet | Found a transporter.
 18086 | Gauntlet | Found a transporter.
 18133 | Gauntlet | Learned a level 4 spell: Summon Lightning Spire
 18147 | Gauntlet | Got a steaming hat
 18156 | Gauntlet | Identified the +1 hat of Muirch {rF+ SInv} (You found it in
                  | a Gauntlet)
 18195 | Gauntlet | Got a polished helmet
 18197 | Gauntlet | HP: 3/87 [seven-headed hydra simulacrum (12)]
 18197 | Gauntlet | Slain by a seven-headed hydra simulacrum

Skill      XL: |  1  2  3  4  5  6  7  8  9 10 11 12 13 |
---------------+----------------------------------------+-----
Hexes          | 5 6 7 8 9 10 | 10.3
Ice Magic      | 1 2 4 5 6 7 8 9 10 | 10.7
Stealth        | 5 6 8 10 12 14 15 | 15.0
Short Blades   | 2 3 4 6 7 8 9 |  9.5
Spellcasting   | 3 4 5 6 7 |  7.8
Fighting       | 1 2 3 |  3.4
Armour         | 1 2 |  2.5
Dodging        | 3 |  3.9
Throwing       | 4 |  4.0
Conjurations   | 3 5 |  5.6
Air Magic      | 4 7 |  7.4

Action                   |  1- 3 |  4- 6 |  7- 9 | 10-12 | 13-15 || total
-------------------------+-------+-------+-------+-------+-------++-------
Melee: Dagger            |    77 |   147 |   206 |   425 |   197 ||  1052
       Bite              |     5 |    14 |     9 |    28 |    21 ||    77
       Scythe            |       |       |       |    11 |       ||    11
       Unarmed           |       |       |       |     1 |       ||     1
       Staff             |       |       |       |       |    12 ||    12
 Fire: Shortbow          |       |       |    24 |       |       ||    24
       Blowgun           |       |       |     4 |    31 |       ||    35
Throw: Tomahawk          |       |       |     6 |       |       ||     6
       Throwing net      |       |       |     1 |       |       ||     1
       Javelin           |       |       |       |     3 |     3 ||     6
 Cast: Corona            |    10 |     2 |       |       |       ||    12
       Ensorcelled Hiber |     7 |    32 |    88 |   159 |    51 ||   337
       Confuse           |       |     2 |    18 |    33 |    58 ||   111
Invok: Shadow Step       |       |       |       |     4 |     1 ||     5
 Abil: End Transformatio |     1 |       |     6 |    12 |    16 ||    35
       Bat Form          |     1 |       |     6 |    12 |    16 ||    35
Evoke: Wand              |       |       |       |     7 |     4 ||    11
       Fan of gales      |       |       |       |     1 |       ||     1
  Use: Potion            |       |     4 |     2 |     5 |     2 ||    13
       Scroll            |       |       |     6 |     4 |    15 ||    25
 Stab: Sleeping          |    11 |    35 |    70 |   186 |    38 ||   340
       Confused          |       |     1 |     7 |    20 |    17 ||    45
Armor: Robe              |    18 |    28 |     4 |       |       ||    50
       Leather armour    |       |       |    22 |    47 |    24 ||    93
Dodge: Dodged            |    58 |    82 |   142 |   322 |   111 ||   715
